Map: Backwater LE

Players

Trap - Winner!

  • Race: Protoss Protoss
  • Spawn Location: 5:00

Elazer

  • Race: Zerg Zerg
  • Spawn Location: 11:00

Event: IEM Season 12 - Katowice

VOD

Have the link to the VOD?

Description

Time

  • Played on: March 2, 2018, 3:55 p.m.
  • Length: 7:30

All games in this series

Show
View Real Time Build Order
Export as new Build Order

Trap Protoss - Winner!

Build Orders: 1 Gate Expand, Oracle Opening, Phoenix Opening 

Get SALT Encoding   

  12  0:00  Probe  
  13  0:12  Probe  
  14  0:18  Pylon  
  14  0:25  Probe  
  15  0:37  Probe (Chrono Boost)  
  16  0:44  Gateway  
  16  0:46  Probe (Chrono Boost)  
  17  0:51  Probe (Chrono Boost)  
  17  0:52  Assimilator  
  18  1:03  Probe  
  19  1:15  Probe  
  20  1:27  Nexus  
  20  1:35  Cybernetics Core  
  20  1:37  Probe  
  21  1:44  Assimilator  
  21  1:49  Probe  
  21  1:54  Pylon  
  22  2:02  Probe  
  23  2:10  Adept (Chrono Boost)  
  23  2:14  Probe  
  26  2:20  Stargate  
  26  2:26  Probe, Warp Gate  
  27  2:33  Stalker (Chrono Boost)  
  29  2:40  Probe (Chrono Boost)  
  31  2:45  Probe (Chrono Boost)  
  31  2:49  Probe (Chrono Boost)  
  32  2:53  Probe (Chrono Boost)  
  32  2:56  Adept  
  32  2:57  Probe  
  36  3:04  Probe  
  37  3:06  Oracle (Chrono Boost)  
  37  3:09  Probe  
  41  3:15  Pylon  
  41  3:16  Probe  
  42  3:21  Probe  
  42  3:26  Gateway  
  43  3:28  Probe  
  43  3:33  Probe  
  44  3:36  Phoenix  
  44  3:40  Probe  
  47  3:45  Probe  
  47  3:47  Pylon  
  48  3:52  Probe  
  48  3:53  Pylon  
  49  3:57  Assimilator  
  49  3:58  Probe  
  49  4:00  Assimilator  
  49  4:01  Phoenix (Chrono Boost)  
  52  4:04  Probe  
  53  4:12  Robotics Facility  
  53  4:13  Probe  
  53  4:16  Probe  
  55  4:20  Phoenix  
  57  4:29  Probe x2  
  59  4:39  Pylon, Twilight Council  
  59  4:41  Pylon  
  59  4:45  Phoenix (Chrono Boost)  
  59  4:47  Pylon  
  61  5:02  Immortal  
  61  5:06  Gateway  
  61  5:07  Phoenix (Chrono Boost), Gateway  
  67  5:11  Gateway  
  67  5:12  Resonating Glaives (Chrono Boost)  
  67  5:16  Gateway  
  67  5:27  Sentry  
  67  5:28  Sentry  
  71  5:30  Pylon  
  71  5:40  Probe  
  71  5:41  Immortal (Chrono Boost)  
  76  6:00  Pylon  
  76  6:01  Pylon  
  76  6:04  Adept  
  76  6:05  Adept  
  76  6:09  Adept x2  
  76  6:11  Sentry x2  
  88  6:16  Immortal (Chrono Boost), Shield Battery  
  92  6:22  Gateway  
  92  6:24  Gateway  
  92  6:30  Adept x3  
  92  6:32  Adept  
  100  6:40  Adept x2  
  102  6:51  Observer (Chrono Boost)  
  103  6:58  Adept x2, Pylon  
  103  6:59  Adept  
  103  7:00  Pylon  
  83  7:23  Adept x5  
  83  7:24  Adept  
Show
View Real Time Build Order
Export as new Build Order

Elazer Zerg 

Build Orders: Hatch First, Lurkers 

Get SALT Encoding   

  12  0:00  Drone  
  13  0:12  Overlord  
  13  0:16  Drone  
  14  0:30  Drone x2  
  16  0:47  Hatchery  
  15  0:51  Drone  
  15  0:54  Drone  
  17  0:58  Drone  
  18  1:08  Extractor  
  17  1:14  Spawning Pool  
  16  1:18  Drone  
  16  1:21  Drone  
  18  1:29  Drone  
  19  1:38  Drone  
  20  1:49  Overlord  
  20  2:00  Drone x2  
  20  2:01  Queen x2  
  26  2:09  Metabolic Boost  
  26  2:10  Drone  
  26  2:13  Zergling x2  
  28  2:21  Drone x2  
  30  2:32  Drone x2  
  30  2:36  Queen  
  34  2:39  Queen  
  36  2:44  Overlord  
  36  2:47  Extractor  
  36  2:48  Zergling x2  
  37  3:00  Overlord  
  37  3:03  Drone  
  37  3:04  Drone  
  37  3:05  Drone  
  40  3:08  Drone x2  
  40  3:09  Drone  
  40  3:10  Drone  
  44  3:13  Overlord  
  44  3:20  Lair  
  44  3:32  Extractor  
  44  3:33  Drone  
  44  3:34  Spore Crawler, Drone  
  43  3:35  Drone x3  
  43  3:40  Overlord  
  47  3:44  Drone, Extractor  
  47  3:45  Drone x2  
  47  3:47  Drone x2  
  47  3:48  Drone  
  52  3:56  Extractor  
  52  3:58  Drone, Overlord  
  52  4:09  Drone x2  
  53  4:11  Drone  
  53  4:13  Spore Crawler  
  53  4:18  Hydralisk Den  
  53  4:19  Drone x3  
  53  4:21  Drone, Overlord  
  56  4:35  Hatchery  
  56  4:37  Overlord  
  55  4:43  Overlord  
  55  4:45  Zergling x6  
  58  4:53  Grooved Spines  
  58  4:55  Overlord  
  58  4:59  Lurker Den  
  57  5:01  Hydralisk x3  
  57  5:05  Hydralisk x2  
  67  5:12  Hydralisk  
  67  5:13  Hydralisk  
  71  5:17  Hydralisk  
  73  5:22  Overlord  
  73  5:24  Hydralisk  
  75  5:32  Hydralisk x3  
  81  5:37  Overlord  
  81  5:38  Overlord  
  81  5:50  Hydralisk x3  
  81  5:56  Overlord  
  81  5:57  Hydralisk  
  87  5:59  Hydralisk  
  87  6:01  Hydralisk  
  93  6:06  Hydralisk  
  93  6:07  Hydralisk  
  97  6:13  Zergling x6  
  100  6:18  Zergling x2  
  100  6:19  Zergling x6  
  104  6:26  Zergling x2, Lurker x3  
  104  6:30  Lurker  
  109  6:34  Zergling x8  
  109  6:39  Lurker  
  103  6:49  Hydralisk x2  
  103  6:54  Zergling x16  
  103  6:59  Lurker  

Tags
 
Add a new tag
Caveats
  • Supply blocks, unpowered buildings, or Contaminate may cause inaccurate times.
  • Supply counts are checked every 10 seconds.